[Event "Titled Tuesday Blitz December 20 Late 2022"]
[White "KSho99"]
[Black "Skotheim, Andreas"]
[BlackFideId "1518526"]
[WhiteElo "2120"]
[BlackElo "2128"]
[Result "0-1"]
[Round "01"]
[TimeControl "180+1"]
[Date "2022.12.21"]
[WhiteClock "0:00:07"]
[BlackClock "0:00:08"]

1. d4 Nf6 2. c4 e6 3. Nc3 Bb4 4. Qc2 O-O 5. e4 d5 6. e5 Ne8 7. Bd3 f5 8. cxd5 Qxd5 9. Nf3 c5 10. a3 Bxc3+ 11. bxc3 c4 12. Be2 b5 13. Ng5 Nc6 14. Bf3 Qd7 15. a4 Ba6 16. axb5 Bxb5 17. Ba3 h6 18. Bxf8 hxg5 19. Bc5 g4 20. Be2 Qd5 21. O-O Nxe5 22. Ra5 Bc6 23. f3 gxf3 24. Bxf3 Nxf3+ 25. Rxf3 Qd7 26. Rg3 Nf6 27. Rg6 Kf7 28. Rg3 Ne4 29. Rh3 Ng5 30. Rg3 Ne4 31. Re3 a6 32. Ra1 Rh8 33. h3 Qd5 34. Rxa6 Nxc5 35. Rxc6 Qxc6 36. dxc5 Qxc5 37. Qe2 Qd5 38. Kh2 Rd8 39. Rf3 Qd6+ 40. Rg3 Qf4 41. Qf3 Qxf3 42. Rxf3 Rd3 43. Kg3 Rxf3+ 44. Kxf3 e5 45. Ke3 Ke6 46. Kf3 Kd5 0-1


[Site "https://www.chess.com"]

[Event "Titled Tuesday Blitz December 20 Late 2022"]
[White "Kalajzic, Ivan"]
[Black "Vetoshko, Volodymyr"]
[WhiteFideId "14506378"]
[BlackFideId "14122480"]
[WhiteElo "2163"]
[BlackElo "2422"]
[Result "1-0"]
[Round "01"]
[TimeControl "180+1"]
[Date "2022.12.21"]
[WhiteClock "0:01:17"]
[BlackClock "0:00:02"]

1. b3 Nf6 2. Bb2 g6 3. Bxf6 exf6 4. c4 Bg7 5. Nc3 O-O 6. g3 f5 7. Bg2 d6 8. e3 c6 9. Nge2 Nd7 10. O-O Nf6 11. b4 Be6 12. b5 Bxc4 13. bxc6 bxc6 14. Bxc6 Rc8 15. Bg2 Bd3 16. Qb3 Ne4 17. Bxe4 fxe4 18. Nf4 Bxf1 19. Rxf1 Qb6 20. Nxe4 Qxb3 21. axb3 Rb8 22. Rb1 a5 23. d4 a4 24. b4 Rfc8 25. Nd5 Rc2 26. Ra1 Rb5 27. Nec3 Rb8 28. Rxa4 h5 29. h4 Kf8 30. Ra7 1-0


[Site "https://www.chess.com"]

[Event "Titled Tuesday Blitz December 20 Late 2022"]
[White "Keymer, Vincent"]
[Black "Kim, Sergey"]
[WhiteFideId "12940690"]
[BlackFideId "13700570"]
[WhiteElo "2600"]
[BlackElo "2480"]
[Result "1/2-1/2"]
[Round "01"]
[TimeControl "180+1"]
[Date "2022.12.20"]
[WhiteClock "0:00:05"]
[BlackClock "0:00:12"]

1. Nf3 Nf6 2. c4 g6 3. Nc3 Bg7 4. g3 d6 5. d4 O-O 6. Bg2 Nbd7 7. O-O e5 8. e4 exd4 9. Nxd4 Re8 10. h3 Nc5 11. Re1 c6 12. Bf4 Nh5 13. Be3 a5 14. b3 Nf6 15. Qc2 Nfd7 16. Rad1 Qc7 17. Qd2 a4 18. b4 Ne6 19. a3 Ne5 20. Qe2 Nxd4 21. Bxd4 Be6 22. c5 dxc5 23. bxc5 Rad8 24. Be3 Bc4 25. Rxd8 Rxd8 26. Qc2 Bb3 27. Qe2 Bc4 28. Qc2 Bb3 29. Qb1 Qa5 30. Ne2 Nc4 31. Bg5 Nxa3 32. Qc1 Rd7 33. Kh2 Nc4 34. Rf1 Qxc5 35. Qf4 Qe5 36. Qg4 Qe6 37. Qf4 Be5 38. Qh4 a3 39. f4 Bg7 40. f5 Qe8 41. f6 Bf8 42. Bh6 a2 43. Ra1 Ne5 44. Nc1 Be6 45. Bxf8 Qxf8 46. Nxa2 Qa3 47. Qh6 Qf8 48. Qxf8+ Kxf8 49. Nc3 Rd8 50. Ne2 g5 51. Ng1 h5 52. Nf3 Nxf3+ 53. Bxf3 g4 54. hxg4 hxg4 55. Bg2 b5 56. e5 Ke8 57. Bxc6+ Kf8 58. Bxb5 Kg8 59. Ra3 Kh7 60. Bd3+ Kh6 61. Kg2 Kg5 62. Kf2 Rd5 63. Be4 Rxe5 64. Re3 Kxf6 65. Bd3 Rxe3 66. Kxe3 Kg5 67. Be2 Bf5 68. Bc4 Be6 69. Bd3 Bf5 70. Bc4 Be6 71. Bd3 Bf5 72. Bc4 1/2-1/2


[Site "https://www.chess.com"]

[Event "Titled Tuesday Blitz December 20 Late 2022"]
[White "Kleiman, Jake"]
[Black "Seletsky, Grigory"]
[WhiteFideId "2020041"]
[BlackFideId "14112191"]
[WhiteElo "2659"]
[BlackElo "2492"]
[Result "1/2-1/2"]
[Round "01"]
[TimeControl "180+1"]
[Date "2022.12.21"]
[WhiteClock "0:00:17"]
[BlackClock "0:00:19"]

1. Nf3 d6 2. g3 e5 3. Bg2 g6 4. O-O Bg7 5. d3 c5 6. e4 Nc6 7. a4 Nge7 8. Na3 O-O 9. Nc4 h6 10. c3 f5 11. Re1 f4 12. gxf4 exf4 13. h3 g5 14. d4 cxd4 15. Nxd4 Nxd4 16. cxd4 Nc6 17. d5 Ne5 18. Nxe5 Bxe5 19. Ra3 Bd7 20. a5 Rc8 21. Qb3 Rc7 22. Bd2 h5 23. Bc3 Qf6 24. Bxe5 Qxe5 25. Qb4 g4 26. hxg4 hxg4 27. Rc3 Rfc8 28. Rec1 Rxc3 29. Rxc3 Rxc3 30. Qxc3 Qxc3 31. bxc3 Kg7 32. f3 g3 33. Bf1 Kf6 34. Kg2 Ke5 35. Bd3 b6 36. axb6 axb6 37. Be2 Kf6 38. Bd3 Ke7 39. Kf1 b5 40. Ke1 Kd8 41. Bf1 Kc7 42. Kd2 Kb6 43. Kd3 b4 44. Kc2 bxc3 45. Kxc3 Bb5 46. Bh3 Kc5 47. Bg2 Bc4 48. Bh3 Be2 49. Bg2 Bb5 50. Bh3 Ba6 51. Bg2 Bc8 52. Bf1 Bd7 53. Bg2 Bb5 54. Bh3 Ba4 55. Bg2 Bd1 56. Kd2 Ba4 57. Kc3 Bd1 58. Kd2 Ba4 59. Kc3 1/2-1/2


[Site "https://www.chess.com"]

[Event "Titled Tuesday Blitz December 20 Late 2022"]
[White "Kleinman, Michael"]
[Black "Gorodetzky, David"]
[WhiteFideId "2609479"]
[BlackFideId "2813416"]
[WhiteElo "2287"]
[BlackElo "2484"]
[Result "0-1"]
[Round "01"]
[TimeControl "180+1"]
[Date "2022.12.21"]
[WhiteClock "0:00:03"]
[BlackClock "0:00:01"]

1. e4 e5 2. Nf3 Nc6 3. Bb5 Nge7 4. O-O Ng6 5. d4 Nxd4 6. Nxd4 exd4 7. Qxd4 c6 8. Bc4 b5 9. Be2 Qb6 10. Qd3 Be7 11. a4 bxa4 12. Nc3 a5 13. Nxa4 Qc7 14. Be3 Rb8 15. f4 O-O 16. Kh1 d5 17. e5 f6 18. exf6 Bxf6 19. c3 Be7 20. Qd2 Bf5 21. Nc5 Bxc5 22. Bxc5 Rf7 23. g3 Be4+ 24. Bf3 Bxf3+ 25. Rxf3 Ne5 26. Rf2 Nc4 27. Qe1 Qd7 28. Ra2 h6 29. Re2 Qf5 30. Kg2 Qd3 31. Bd4 Rbf8 32. Bc5 d4 33. Bxd4 Rd8 34. b3 Nd6 35. Rxa5 Nf5 36. Be5 Qd7 37. Raa2 Re8 38. Rad2 Qb7 39. Qd1 c5+ 40. Kh3 Qf3 41. Rd8 Rxd8 42. Qxd8+ Kh7 43. Qd1 Ne3 44. Qd2 Qh5# 0-1


[Site "https://www.chess.com"]

[Event "Titled Tuesday Blitz December 20 Late 2022"]
[White "Kohler, Aran"]
[Black "Mendez Fortes, Eduardo Jesus"]
[WhiteFideId "1002856"]
[BlackFideId "3502376"]
[WhiteElo "2344"]
[BlackElo "2307"]
[Result "0-1"]
[Round "01"]
[TimeControl "180+1"]
[Date "2022.12.21"]
[WhiteClock "0:00:01"]
[BlackClock "0:01:08"]

1. d4 Nf6 2. Nf3 d5 3. Bf4 c5 4. e3 Nc6 5. c3 Qb6 6. b3 Bg4 7. Nbd2 e6 8. h3 Bh5 9. Be2 Be7 10. Ne5 Bxe2 11. Qxe2 Nxe5 12. Bxe5 O-O 13. O-O Nd7 14. Bg3 Rac8 15. Rac1 Nf6 16. f3 Qa5 17. Nb1 Nd7 18. Be1 Qb6 19. Kh1 cxd4 20. exd4 Rfe8 21. c4 dxc4 22. Rxc4 Nf6 23. Bf2 Nd5 24. Rfc1 Rcd8 25. Nc3 Ba3 26. Rc2 Bd6 27. Ne4 Bb8 28. Nc5 Qd6 29. g3 Qe7 30. Ne4 b6 31. Rc6 Nb4 32. Kg2 Nxc6 33. Rxc6 Rc8 34. Qc4 Qd7 35. Rxc8 Rxc8 36. Qd3 Rd8 37. Ng5 g6 38. Ne4 Qe7 39. h4 f5 40. Nc3 Kg7 41. Be3 f4 42. gxf4 Qxh4 43. d5 Bxf4 44. Bxf4 Qxf4 45. Ne2 Qg5+ 46. Kf2 Qxd5 47. Qa6 Rd7 48. Qc8 Qc5+ 49. Qxc5 bxc5 0-1


[Site "https://www.chess.com"]

[Event "Titled Tuesday Blitz December 20 Late 2022"]
[White "Kuzmicz, Krystian"]
[Black "Huber, Benedikt"]
[WhiteFideId "1119125"]
[BlackFideId "12923583"]
[WhiteElo "2379"]
[BlackElo "2199"]
[Result "1-0"]
[Round "01"]
[TimeControl "180+1"]
[Date "2022.12.21"]
[WhiteClock "0:00:35"]
[BlackClock "0:00:13"]

1. e4 c5 2. d3 e6 3. g3 d5 4. Nd2 Nc6 5. Bg2 Nf6 6. Nh3 Be7 7. O-O O-O 8. f4 dxe4 9. dxe4 b6 10. e5 Nd5 11. Ne4 Ba6 12. Re1 Ndb4 13. Nd6 Nd5 14. c4 Bxd6 15. cxd5 exd5 16. exd6 Nb4 17. a3 Nd3 18. Bf1 Nxe1 19. Bxa6 Re8 20. Be2 Qxd6 21. Qxe1 Qe6 22. Kf2 Qxh3 23. Qg1 Rxe2+ 24. Kxe2 Re8+ 25. Kf2 Qh5 26. g4 Qh4+ 27. Qg3 Qf6 28. Kg2 Re2+ 29. Kf1 Qe6 30. f5 Qe8 31. Bf4 g5 32. fxg6 Re4 33. Re1 Qb5+ 34. Kf2 Rxe1 35. Kxe1 hxg6 36. Be5 Qd3 37. Qxd3 1-0


[Site "https://www.chess.com"]

[Event "Titled Tuesday Blitz December 20 Late 2022"]
[White "Lacasa Diaz, Jose Antonio"]
[Black "Gubajdullin, Alexei"]
[WhiteFideId "2203375"]
[BlackFideId "4141202"]
[WhiteElo "2338"]
[BlackElo "2251"]
[Result "0-1"]
[Round "01"]
[TimeControl "180+1"]
[Date "2022.12.21"]
[WhiteClock "0:00:15"]
[BlackClock "0:00:55"]

1. e4 g6 2. d4 Bg7 3. Nf3 d6 4. Nc3 Nf6 5. Be3 c6 6. a4 a5 7. h3 Na6 8. Be2 Nb4 9. O-O O-O 10. Qd2 Re8 11. Rad1 Qc7 12. Rfe1 b6 13. d5 cxd5 14. exd5 Bb7 15. Nd4 Nfxd5 16. Nxd5 Nxd5 17. Nb5 Qd7 18. Bh6 Nf6 19. Bxg7 Kxg7 20. Qd4 Qd8 21. Bc4 Rc8 22. Bb3 Rc5 23. Re3 Bd5 24. Rde1 Bxb3 25. cxb3 Qd7 26. Nxd6 Rd8 0-1


[Site "https://www.chess.com"]

[Event "Titled Tuesday Blitz December 20 Late 2022"]
[White "Liu, Kelsey"]
[Black "Ehlvest, Jaan"]
[WhiteFideId "30944481"]
[BlackFideId "4500016"]
[WhiteElo "2309"]
[BlackElo "2430"]
[Result "0-1"]
[Round "01"]
[TimeControl "180+1"]
[Date "2022.12.21"]
[WhiteClock "0:00:02"]
[BlackClock "0:00:10"]

1. e4 c5 2. Nf3 e6 3. d4 cxd4 4. Nxd4 Nf6 5. Nc3 Nc6 6. Ndb5 d6 7. Bf4 e5 8. Bg5 a6 9. Na3 b5 10. Nd5 Be7 11. Bxf6 Bxf6 12. c3 Rb8 13. Nc2 Bg5 14. g3 O-O 15. h4 Bh6 16. Bg2 a5 17. g4 Bf4 18. Nxf4 exf4 19. Bf3 b4 20. c4 b3 21. Nd4 Ne5 22. Be2 bxa2 23. Rxa2 Bd7 24. f3 a4 25. Kf2 Rb4 26. Qc1 Qb6 27. Rd1 Rb8 28. Rd2 Nc6 29. Qc3 Rb3 30. c5 dxc5 31. Nxb3 axb3 32. Ra6 Qd8 33. Rxc6 Qxh4+ 34. Kf1 Bxc6 35. Qe5 Qh1+ 36. Kf2 Qh2+ 37. Kf1 Re8 38. Qc7 Ba8 39. Qd7 Qh1+ 40. Kf2 Qh4+ 41. Kf1 Rf8 42. Bc4 g6 43. Qe7 Qxe7 0-1


[Site "https://www.chess.com"]

[Event "Titled Tuesday Blitz December 20 Late 2022"]
[White "MKlose11"]
[Black "Van Foreest, Jorden"]
[BlackFideId "1039784"]
[WhiteElo "2480"]
[BlackElo "2663"]
[Result "0-1"]
[Round "01"]
[TimeControl "180+1"]
[Date "2022.12.21"]
[WhiteClock "0:00:05"]
[BlackClock "0:02:01"]

1. e4 c5 2. Nc3 Nc6 3. g3 g6 4. Bg2 Bg7 5. d3 Rb8 6. Be3 d6 7. Qd2 b5 8. h3 b4 9. Nd1 h5 10. Ne2 Bd7 11. O-O Qc8 12. Kh2 Nf6 13. Bg5 Nh7 14. Be3 a5 15. Bh6 Kf8 16. Bxg7+ Kxg7 17. d4 cxd4 18. Nxd4 Nxd4 19. Qxd4+ Nf6 20. Ne3 Qc7 21. Nd5 Qc5 22. Qxc5 dxc5 23. Nxe7 Rhe8 24. Nd5 Nxd5 25. exd5 Re2 26. Rac1 Bf5 27. Bf3 Rd2 28. g4 hxg4 29. hxg4 Bxc2 30. Kg3 c4 31. Rfe1 a4 32. Re2 Rxe2 33. Bxe2 b3 34. Bxc4 a3 35. Bxb3 axb2 36. Rxc2 b1=Q 0-1


[Site "https://www.chess.com"]

[Event "Titled Tuesday Blitz December 20 Late 2022"]
[White "Makridis, Dimitrios"]
[Black "Dzierzak, Radoslaw"]
[WhiteFideId "25864475"]
[BlackFideId "1161407"]
[WhiteElo "2272"]
[BlackElo "2111"]
[Result "1-0"]
[Round "01"]
[TimeControl "180+1"]
[Date "2022.12.21"]
[WhiteClock "0:01:29"]
[BlackClock "0:00:25"]

1. e4 c6 2. d4 d5 3. exd5 cxd5 4. Bd3 Nc6 5. c3 Nf6 6. h3 g6 7. Nf3 Bg7 8. O-O O-O 9. Bf4 Bf5 10. Bxf5 gxf5 11. Nbd2 e6 12. Re1 Ne4 13. Nf1 Kh8 14. Ng3 Nxg3 15. Bxg3 Bf6 16. Qd2 Rg8 17. Qh6 Rg6 18. Qh5 Qg8 19. Kh1 Qg7 20. Ng1 f4 21. Bxf4 Rxg2 22. Bg3 Rxg3 23. fxg3 Qxg3 24. Qxf7 Be7 25. Qf3 Qg6 26. Qg4 Qxg4 27. hxg4 Nd8 28. Nf3 Kg7 29. Re2 Rc8 30. Rf1 Bf6 31. g5 Be7 32. Ne5 Bxg5 33. Rg2 h6 34. Rgf2 Rc7 35. Rf8 Be7 36. Re8 Bf6 37. Rg1+ Bg5 38. Rxd8 1-0


[Site "https://www.chess.com"]

[Event "Titled Tuesday Blitz December 20 Late 2022"]
[White "Manukyan, Sargis A."]
[Black "Dylag, Emilia"]
[WhiteFideId "13303970"]
[BlackFideId "21805172"]
[WhiteElo "2187"]
[BlackElo "1878"]
[Result "0-1"]
[Round "01"]
[TimeControl "180+1"]
[Date "2022.12.21"]
[WhiteClock "0:00:21"]
[BlackClock "0:00:06"]

1. d4 Nf6 2. c4 e6 3. Nc3 Bb4 4. a3 Bxc3+ 5. bxc3 O-O 6. e3 d6 7. Bd3 Nc6 8. Ne2 e5 9. O-O e4 10. Bb1 Bg4 11. f3 exf3 12. gxf3 Bh3 13. Rf2 Nh5 14. Ng3 Qh4 15. Nxh5 Qxh5 16. e4 f5 17. Qe1 Rae8 18. Raa2 Rf6 19. Kh1 Rg6 20. Rae2 Rf6 21. e5 dxe5 22. dxe5 Rfe6 23. f4 Bg4 24. Re3 Na5 25. Ba2 c5 26. h3 Rd8 27. Rh2 Rd1 28. hxg4 Rxe1+ 29. Rxe1 Qxg4 30. Rf1 Rg6 31. Bb1 Nb3 32. Be3 h5 33. Bc2 h4 34. Bxb3 Qg3 35. Bxc5 Qd3 36. Bg1 Qe4+ 0-1


[Site "https://www.chess.com"]

[Event "Titled Tuesday Blitz December 20 Late 2022"]
[White "Manukyan, Sargis A."]
[Black "Lazavik, Denis"]
[WhiteFideId "13303970"]
[BlackFideId "13515110"]
[WhiteElo "2187"]
[BlackElo "2484"]
[Result "0-1"]
[Round "01"]
[TimeControl "180+1"]
[Date "2022.12.20"]
[WhiteClock "0:00:11"]
[BlackClock "0:02:09"]

1. d4 f5 2. c4 Nf6 3. Nc3 d6 4. Nf3 g6 5. g3 Bg7 6. Bg2 O-O 7. O-O c6 8. d5 e5 9. dxe6 Bxe6 10. Bf4 Bxc4 11. Bxd6 Re8 12. Ne5 Be6 13. Re1 Na6 14. Ba3 Qa5 15. Nd3 Rad8 16. Qc1 Bf7 17. b4 Qb6 18. Nc5 Nxc5 19. bxc5 Qc7 20. Bb2 Ng4 21. e3 Ne5 22. Rd1 Nd3 23. Qc2 Nxb2 24. Qxb2 Qa5 25. Rxd8 Rxd8 26. Rc1 Rd3 27. Qxb7 Rxc3 28. Rxc3 Qxc3 29. Bxc6 Qxc5 30. a4 Be5 31. h4 a5 32. h5 Bg7 33. Qc8+ Bf8 34. h6 Bd5 35. Bxd5+ Qxd5 36. Qc7 Bxh6 37. Qd8+ Qxd8 0-1


[Site "https://www.chess.com"]

[Event "Titled Tuesday Blitz December 20 Late 2022"]
[White "Marcolino, Daniel Mattos"]
[Black "Koutlas, Nikolaos"]
[WhiteFideId "2106841"]
[BlackFideId "25827138"]
[WhiteElo "2140"]
[BlackElo "2167"]
[Result "0-1"]
[Round "01"]
[TimeControl "180+1"]
[Date "2022.12.21"]
[WhiteClock "0:01:09"]
[BlackClock "0:00:55"]

1. d4 a6 2. Nf3 g6 3. g3 Bg7 4. Bg2 Nf6 5. O-O O-O 6. c4 c6 7. b3 b5 8. cxb5 axb5 9. a4 d6 10. Bb2 b4 11. Nbd2 Ba6 12. Re1 Qb6 13. Rc1 Nbd7 14. Nc4 Qa7 15. e4 Rfe8 16. e5 dxe5 17. dxe5 Nd5 18. Qc2 Nc5 19. Bd4 Nc3 20. Bxc3 bxc3 21. Qxc3 Rab8 22. Ncd2 Nd3 23. Qxc6 Qxf2+ 24. Kh1 Nxc1 25. Rxc1 Rec8 26. Qxc8+ Rxc8 27. Rxc8+ Bxc8 0-1


[Site "https://www.chess.com"]

[Event "Titled Tuesday Blitz December 20 Late 2022"]
[White "Marin Masis, Jose Esteban"]
[Black "Sivakumar, Shaaketh"]
[WhiteFideId "6508146"]
[BlackFideId "30940176"]
[WhiteElo "1838"]
[BlackElo "2174"]
[Result "0-1"]
[Round "01"]
[TimeControl "180+1"]
[Date "2022.12.21"]
[WhiteClock "0:00:32"]
[BlackClock "0:00:10"]

1. e4 c5 2. Nf3 d6 3. d4 cxd4 4. Nxd4 Nf6 5. Nc3 a6 6. a4 e5 7. Nf3 Be7 8. Bc4 Be6 9. Bxe6 fxe6 10. O-O O-O 11. h3 Nc6 12. Be3 d5 13. exd5 exd5 14. Bg5 d4 15. Bxf6 gxf6 16. Ne4 f5 17. Ng3 e4 18. Nd2 Qd6 19. Qh5 Qg6 20. Qe2 Bd6 21. Ngxe4 fxe4 22. Nxe4 Rae8 23. Qc4+ Kh8 24. Nxd6 Qxd6 25. Rad1 Qg6 26. Rd3 Re4 27. Rg3 Qf7 28. Qd3 Rf4 29. f3 Ne5 30. Qd2 Nc4 31. Qb4 Ne3 32. Rf2 Nf5 33. Rg4 Ne3 34. Rg3 Re8 35. Rd2 d3 36. Qc3+ Qf6 37. Qxd3 Qxb2 38. Qxe3 Qa1+ 39. Kh2 Rff8 40. Qd4+ Qxd4 41. Rxd4 Re2 42. Rc4 Rfe8 43. Rc7 R2e7 44. Rxe7 Rxe7 45. Rg4 Rc7 46. c4 Rc5 47. Rd4 Ra5 48. Rd8+ Kg7 49. Rd7+ Kg6 50. Rxb7 Rxa4 51. Rb6+ Kf5 52. Rc6 Ke5 53. g4 Kf4 54. Rc8 Ra2+ 55. Kg1 Kg3 56. Kf1 Kxf3 57. Rf8+ Kg3 58. Re8 Rc2 59. Re3+ Kh4 60. Re4 Kxh3 61. Re3+ Kxg4 62. Rd3 Rxc4 63. Ke1 Rf4 64. Ke2 Re4+ 65. Kd2 Rf4 66. Kc3 Kf5 67. Kc2 Ke4 68. Rc3 Rf2+ 69. Kb3 Rf3 70. Rxf3 Kxf3 71. Kb4 h6 72. Ka5 h5 73. Kxa6 h4 74. Kb5 h3 0-1


[Site "https://www.chess.com"]

[Event "Titled Tuesday Blitz December 20 Late 2022"]
[White "Martinez Reyes, Pedro Ramon"]
[Black "Tang, Andrew"]
[WhiteFideId "3901807"]
[BlackFideId "2059630"]
[WhiteElo "2354"]
[BlackElo "2582"]
[Result "1-0"]
[Round "01"]
[TimeControl "180+1"]
[Date "2022.12.20"]
[WhiteClock "0:00:44"]
[BlackClock "0:00:12"]

1. e4 e5 2. Nf3 Nc6 3. d4 exd4 4. Nxd4 Nf6 5. Nxc6 bxc6 6. Bd3 d5 7. exd5 cxd5 8. O-O Be7 9. c4 d4 10. Nd2 O-O 11. Ne4 Rb8 12. b3 Rb6 13. Re1 h6 14. Bd2 Bb7 15. Qc2 Re8 16. Nxf6+ Rxf6 17. Re2 Bf8 18. Rae1 Rxe2 19. Rxe2 c5 20. Qd1 Qd7 21. f3 Bd6 22. Qe1 Kf8 23. a3 Bxf3 24. Rf2 Re6 25. Qf1 Be4 26. b4 Qe7 27. g3 cxb4 28. axb4 Kg8 29. c5 Bc7 30. Bc4 Rf6 31. Rxf6 gxf6 32. Qh3 a5 33. Qg4+ Kh7 34. bxa5 d3 35. Qh5 Bg6 36. Qxh6+ Kg8 37. Qxg6+ Kf8 38. Bh6+ Ke8 39. Bb5+ Kd8 40. Qg8+ 1-0


[Site "https://www.chess.com"]

[Event "Titled Tuesday Blitz December 20 Late 2022"]
[White "Matinian, Nikita"]
[Black "aidenzhouu"]
[WhiteFideId "24129100"]
[WhiteElo "2422"]
[BlackElo "2391"]
[Result "1-0"]
[Round "01"]
[TimeControl "180+1"]
[Date "2022.12.21"]
[WhiteClock "0:01:08"]
[BlackClock "0:00:12"]

1. e4 c6 2. d4 d5 3. e5 Bf5 4. Nf3 e6 5. Be2 c5 6. Be3 Qb6 7. Nc3 Nc6 8. Na4 Qa5+ 9. c3 c4 10. O-O b5 11. Nc5 Bxc5 12. dxc5 Nge7 13. b4 Qa3 14. Qc1 Qxc1 15. Rfxc1 Ng6 16. a4 bxa4 17. Rxa4 Ngxe5 18. Nxe5 Nxe5 19. Rca1 O-O 20. Rxa7 Rab8 21. f3 Bd3 22. Bd1 Nc6 23. R7a6 Rfc8 24. Ba4 Ne5 25. Bf4 f6 26. Bxe5 fxe5 27. Bd7 Rd8 28. Bxe6+ Kf8 29. c6 Re8 30. c7 1-0


[Site "https://www.chess.com"]

[Event "Titled Tuesday Blitz December 20 Late 2022"]
[White "Matthes, Aaron"]
[Black "Shuvalova, Polina"]
[WhiteFideId "16227310"]
[BlackFideId "24171760"]
[WhiteElo "2327"]
[BlackElo "2361"]
[Result "0-1"]
[Round "01"]
[TimeControl "180+1"]
[Date "2022.12.21"]
[WhiteClock "0:00:52"]
[BlackClock "0:00:40"]

1. d4 Nf6 2. Nf3 d5 3. g3 c5 4. Bg2 cxd4 5. O-O e6 6. Nxd4 Be7 7. b3 O-O 8. Bb2 Nc6 9. Nf3 b6 10. Nbd2 Bb7 11. Rc1 Bc5 12. c4 d4 13. a3 a5 14. Qc2 Qe7 15. Rfd1 e5 16. Nh4 Bxa3 17. Nf5 Qc5 18. Ne4 Nxe4 19. Bxe4 Bxb2 20. Qxb2 g6 21. Nh6+ Kg7 22. Ng4 f5 23. Nxe5 Qxe5 24. Bxc6 Bxc6 25. Rxd4 Rfe8 26. Rcd1 Re7 27. e3 Kf7 28. b4 a4 29. b5 Bf3 30. Ra1 Qc5 31. Qd2 a3 32. Rd6 a2 33. h4 Bb7 34. h5 Qe5 35. Rd4 Qf6 36. Rxa2 Rxa2 37. Qxa2 Kg7 38. hxg6 Qxd4 0-1


[Site "https://www.chess.com"]

[Event "Titled Tuesday Blitz December 20 Late 2022"]
[White "Mayaud, Raphael"]
[Black "Begmuratov, Khumoyun"]
[WhiteFideId "627151"]
[BlackFideId "14210207"]
[WhiteElo "2191"]
[BlackElo "2267"]
[Result "0-1"]
[Round "01"]
[TimeControl "180+1"]
[Date "2022.12.21"]
[WhiteClock "0:00:16"]
[BlackClock "0:00:28"]

1. d4 Nf6 2. Bg5 c5 3. d5 Qb6 4. Nc3 Qxb2 5. Bd2 Qb6 6. e4 d6 7. f4 Nbd7 8. Nf3 Qc7 9. Bc4 a6 10. a4 g6 11. Qe2 Bg7 12. e5 Ng8 13. exd6 Qxd6 14. Ne4 Qb8 15. Rb1 Ngf6 16. O-O O-O 17. Rfe1 Nxe4 18. Qxe4 Nf6 19. Qxe7 Bf5 20. Qxb7 Bxc2 21. Qxb8 Raxb8 22. Rxb8 Rxb8 23. a5 Ne4 24. Bxa6 Ra8 25. Bc4 Nxd2 26. Nxd2 Bc3 27. Re2 Rxa5 28. d6 Bd4+ 29. Kf1 Bf5 30. Re7 Bg4 31. g3 Ra1+ 32. Kg2 Rg1# 0-1


[Site "https://www.chess.com"]

[Event "Titled Tuesday Blitz December 20 Late 2022"]
[White "Mekhitarian, Krikor Sevag"]
[Black "Zeman, Matyas"]
[WhiteFideId "2107660"]
[BlackFideId "364398"]
[WhiteElo "2604"]
[BlackElo "2254"]
[Result "1-0"]
[Round "01"]
[TimeControl "180+1"]
[Date "2022.12.21"]
[WhiteClock "0:00:14"]
[BlackClock "0:00:03"]

1. Nf3 Nf6 2. c4 e6 3. Nc3 d5 4. e3 Be7 5. b3 O-O 6. Bb2 c5 7. cxd5 Nxd5 8. Nxd5 Qxd5 9. Bc4 Qh5 10. g4 Qg6 11. h4 Bf6 12. h5 Qe4 13. d3 Qc6 14. Bxf6 gxf6 15. g5 fxg5 16. Rg1 b5 17. Ne5 Qb7 18. Rxg5+ Kh8 19. Qg4 bxc4 20. Ke2 f6 21. Rg1 fxg5 22. Qxg5 cxd3+ 23. Kd1 Nc6 24. Qh6 Rg8 25. Qf6+ Rg7 26. Qf8+ 1-0


[Site "https://www.chess.com"]

[Event "Titled Tuesday Blitz December 20 Late 2022"]
[White "Melian, Juan Sebastian"]
[Black "Mesa Cruz, Juan Carlos"]
[WhiteFideId "3706575"]
[BlackFideId "6423400"]
[WhiteElo "2044"]
[BlackElo "2059"]
[Result "0-1"]
[Round "01"]
[TimeControl "180+1"]
[Date "2022.12.21"]
[WhiteClock "0:00:20"]
[BlackClock "0:00:18"]

1. e4 c5 2. Nf3 d6 3. c3 Nf6 4. Bd3 g6 5. Bc2 Bg7 6. O-O e5 7. d4 cxd4 8. cxd4 exd4 9. Nxd4 O-O 10. Nc3 Nc6 11. Nde2 Be6 12. Nf4 Bc4 13. Re1 Rc8 14. Be3 a6 15. Rc1 h5 16. Nfd5 Nxd5 17. exd5 Ne5 18. h3 b5 19. a3 a5 20. Ne4 a4 21. Qd2 Ba2 22. Bh6 Nc4 23. Qf4 Bxb2 24. Bxf8 Qxf8 25. Rcd1 Nxa3 26. Bd3 Be5 27. Qf3 Bb3 28. Rd2 Nc2 29. Rc1 Nd4 30. Nf6+ Bxf6 31. Qxf6 Rxc1+ 32. Kh2 Qg7 33. Qd8+ Kh7 34. Be4 Qe5+ 35. g3 Qxe4 36. f3 Qe1 37. g4 Qg1# 0-1


[Site "https://www.chess.com"]

[Event "Titled Tuesday Blitz December 20 Late 2022"]
[White "Mihajlov, Sebastian"]
[Black "Broca Jimenez, Fernando"]
[WhiteFideId "1512110"]
[BlackFideId "5104742"]
[WhiteElo "2464"]
[BlackElo "2062"]
[Result "1-0"]
[Round "01"]
[TimeControl "180+1"]
[Date "2022.12.21"]
[WhiteClock "0:01:52"]
[BlackClock "0:00:08"]

1. d4 Nf6 2. c4 e6 3. Nc3 Bb4 4. f3 d5 5. a3 Bxc3+ 6. bxc3 O-O 7. cxd5 exd5 8. e3 c6 9. Bd3 Re8 10. Ne2 Nbd7 11. O-O Nf8 12. Ng3 Bd7 13. e4 h6 14. e5 N6h7 15. f4 Qc8 16. f5 c5 17. Be3 cxd4 18. cxd4 Qc3 19. Qe2 Rac8 20. Nh5 Ng5 21. h4 Ne4 22. Rfc1 Qa5 23. Bxe4 dxe4 24. Qg4 Rxc1+ 25. Rxc1 g6 26. Nf6+ Kg7 27. Nxd7 Nxd7 28. f6+ Kh7 29. Qxd7 Rd8 30. Qxf7+ Kh8 31. Qg7# 1-0


[Site "https://www.chess.com"]

[Event "Titled Tuesday Blitz December 20 Late 2022"]
[White "Milosevic, Milos"]
[Black "Floresvillar Gonzalez, Luis Migu"]
[WhiteFideId "964875"]
[BlackFideId "5100542"]
[WhiteElo "2314"]
[BlackElo "2040"]
[Result "1/2-1/2"]
[Round "01"]
[TimeControl "180+1"]
[Date "2022.12.21"]
[WhiteClock "0:00:08"]
[BlackClock "0:00:45"]

1. d4 d5 2. Bf4 c6 3. Nd2 Bf5 4. e3 e6 5. c4 Bd6 6. Bg3 Nf6 7. Ngf3 O-O 8. Be2 Qc7 9. c5 Bxg3 10. hxg3 h6 11. Ne5 Nbd7 12. g4 Bh7 13. f4 Nxe5 14. fxe5 Ne4 15. Nxe4 Bxe4 16. Qd2 f6 17. Qc3 fxe5 18. dxe5 b6 19. g5 hxg5 20. Bd3 bxc5 21. Bxe4 dxe4 22. Qxc5 Rf5 23. O-O-O Qxe5 24. Qxc6 Qc5+ 25. Qxc5 Rxc5+ 26. Kb1 Rac8 27. Rd6 R5c6 28. Rd7 R8c7 29. Rd8+ Kf7 30. Rf1+ Kg6 31. Re8 Rf7 32. Rxf7 Kxf7 33. Ra8 a6 34. b4 Rb6 35. a3 Kf6 36. Kb2 Kf5 37. Kc3 Kg4 38. Ra7 g6 39. Rg7 e5 40. Kc4 Rc6+ 41. Kd5 Rc3 42. Rxg6 Rxa3 43. Kxe5 a5 44. b5 Rxe3 45. Kd4 Rb3 46. Kc4 Rb4+ 47. Kc5 e3 48. Re6 Kf4 49. b6 g4 50. Kc6 Rb2 51. b7 a4 52. Kc7 Rxb7+ 53. Kxb7 Kg3 54. Rxe3+ Kxg2 55. Ra3 g3 56. Kc6 Kf2 57. Ra2+ Kf1 58. Ra1+ Kf2 59. Ra2+ Kf3 60. Ra3+ Kf2 61. Rxa4 g2 62. Rf4+ Ke2 63. Rg4 Kf2 64. Rf4+ Ke2 65. Re4+ Kf2 66. Rg4 g1=Q 67. Rxg1 Kxg1 1/2-1/2


[Site "https://www.chess.com"]